 Dungeon Crawl Stone Soup version 0.32-a0-18-g89e19f1974 (webtiles) character file.

Game seed: 8967722379120307403

45 GjRant the Conjurer (level 3, 0/27 HPs)
             Began as a Demonspawn Reaver on Jan 16, 2024.
             Slain by a bombardier beetle (3 damage)
             ... on level 2 of the Dungeon.
             The game lasted 00:23:55 (961 turns).

GjRant the Conjurer (Demonspawn Reaver)              Turns: 961, Time: 00:23:56

Health: 0/27       AC:  6    Str: 14    XL:     3   Next: 42%
Magic:  0/6        EV: 10    Int: 13    God:
Gold:   98         SH:  0    Dex: 11    Spells: 5/6 levels left

rFire   . . .        a - +0 hand axe
rCold   . . .        (no shield)
rNeg    . . .        q - +0 ring mail
rPois   .            (no helmet)
rElec   .            u - +0 cloak
rCorr   .            (no gloves)
SInv    .            (no boots)
Will    .....        s - amulet of guardian spirit
Stlth   +            G - ring of flight
HPRegen 0.24/turn    (no ring)
MPRegen 0.10/turn

%: guardian spirit
@: flying
A: ignite blood 1, demonic touch 1
a: no special abilities


You were on level 2 of the Dungeon.
You visited 1 branch of the dungeon, and saw 2 of its levels.

You collected 98 gold pieces.

Inventory:

Hand Weapons
 a - a +0 hand axe (weapon)
 c - a +0 club
 f - a +0 club
 g - a +0 spear
 i - a +2 dagger of holy wrath
 j - a +0 dagger
 l - a +0 club
 m - a +0 club
 o - a +0 dagger
 p - a +0 club
 v - a +0 whip
 w - a +0 dagger
 z - a +0 club
 B - a +0 dagger
 D - a +0 dagger
 F - a +0 club
Missiles
 d - 15 stones
Armour
 b - a +0 leather armour
 e - a +0 leather armour
 q - a +0 ring mail (worn)
 u - a +0 cloak (worn)
 A - a +0 robe
Jewellery
 s - an amulet of guardian spirit (around neck)
 G - a ring of flight (left hand)
Talismans
 E - a blade talisman
Scrolls
 h - a scroll of fog {unknown}
 k - 2 scrolls of revelation {unknown}
 n - a scroll of enchant armour {unknown}
 r - a scroll of identify {unknown}
 y - a scroll of teleportation {unknown}
Potions
 t - a potion of attraction {unknown}
 x - a potion of curing {unknown}
 C - a potion of lignification {unknown}


   Skills:
 + Level 2.3 Fighting
 + Level 3.3 Axes
 + Level 0.8 Armour
 + Level 1.9 Dodging
 + Level 2.0 Spellcasting
 + Level 3.4 Conjurations


You had 5 spell levels left.
You knew the following spells:

 Your Spells              Type           Power      Damage    Failure   Level
a - Kiss of Death         Conj/Necr      20%        2d7       26%         1

Your spell library contained the following spells:

 Spells                   Type           Power      Damage    Failure   Level
 Momentum Strike          Conj/Tloc      10%        3d8       36%         2
 Hailstorm                Conj/Ice       5%         3d5       61%         3


Dungeon Overview and Level Annotations

Branches:
Dungeon (2/15)

Altars:


Innate Abilities, Weirdness & Mutations

Your demonic aura sometimes causes spilled blood to erupt in flames.
Your touch may inflict minor irresistible damage on your foes.


Message History

You closely miss the quokka. Your touch misses the quokka.
The liquid fire burns you! The quokka completely misses you.
The quokka bites you but does no damage.
You hit the quokka.
The quokka is heavily wounded.
You hit the bombardier beetle. You closely miss the quokka.
The liquid fire burns you!
* * * LOW HITPOINT WARNING * * *
The quokka bites you but does no damage.
The quokka completely misses you.
The quokka bites you but does no damage.
You hit the quokka but do no damage.
The quokka is heavily wounded.
You hit the bombardier beetle but do no damage.
You hit the quokka. The liquid fire burns you!
* * * LOW HITPOINT WARNING * * *
The quokka bites you but does no damage.
The bombardier beetle closely misses you.
The quokka bites you.
* * * LOW HITPOINT WARNING * * *
You don't have enough magic to cast this spell.
You don't have enough magic to cast this spell.
You closely miss the quokka.
The quokka is heavily wounded.
You hit the quokka. You barely miss the bombardier beetle.
The quokka barely misses you. The quokka closely misses you.
The bombardier beetle bites you but does no damage.
The quokka misses you.
You miss the quokka.
The quokka is almost dead.
You barely miss the quokka.
You hit the bombardier beetle but do no damage.
The quokka completely misses you.
The quokka bites you but does no damage.
The quokka bites you.
* * * LOW HITPOINT WARNING * * *
The bombardier beetle bites you.
You die...

....# ######....##
#..........#
#..........#
#..........#
#..........#
#...Br.....#
#....@r....#
#..........#
#..........# ###
#...=...$..# #..
#######†############..
#...............
#############... #....
###### #..#.


You could see a bombardier beetle and 2 quokkas.

Vanquished Creatures
  A ribbon worm (D:2)
  A dart slug (D:1)
  2 endoplasms (D:1)
  5 goblins
  4 hobgoblins (D:1)
  8 kobolds
  2 quokkas
  5 ball pythons (D:1)
  2 bats (D:1)
  2 frilled lizards (D:1)
  5 rats
37 creatures vanquished.

Notes
Turn   | Place    | Note
-------+----------+-------------------------------------------
     0 | D:1      | GjRant the Demonspawn Reaver began the quest for the Orb.
     0 | D:1      | Reached XP level 1. HP: 16/16 MP: 3/3
   174 | D:1      | Gained mutation: Your demonic aura sometimes causes spilled
                  | blood to erupt in flames. [demonic ancestry]
   174 | D:1      | Reached XP level 2. HP: 18/22 MP: 5/5
   376 | D:1      | Gained mutation: Your touch may inflict minor irresistible
                  | damage on your foes. [demonic ancestry]
   376 | D:1      | Reached XP level 3. HP: 20/27 MP: 6/6
   961 | D:2      | Slain by a bombardier beetle

Illustrated notes

Levels and vault maps discovered:
D:1:      lightli_arrival_flooded_house, layout_rooms, st_stairs_5
D:2:      layout_basic, dreamdust_ecumenical_altar_drowned_temple, basic_altar,
          minmay_pentomino_s4

Skill      XL: |  1 |
---------------+----+-----
Axes           | 3 |  3.3
Fighting       | |  2.3
Armour         | |  0.8
Dodging        | |  1.9
Spellcasting   | |  2.0
Conjurations   | |  3.4

Action                     || total
---------------------------++-------
  Melee: Hand axe          ||   102
         Touch             ||     8
 Armour: Leather armour    ||    35
         Ring mail         ||    27
  Dodge: Dodged            ||    64

Table legend: (Time is in decaauts)
 A = Elapsed time spent in this place.
 B = Non-inter-level travel time spent in this place.
 C = Inter-level travel time spent in this place.
 D = Time resting spent in this place.
 E = Time spent auto-exploring this place.
 F = Levels seen in this place.
 G = Mean time per level.
                   A        B        C        D        E       F      G
               +--------+--------+--------+--------+--------+-----+--------+
         Total |    977 |    335 |    642 |      0 |      0 |   2 |  488.5 |
       Dungeon |    977 |    335 |    642 |      0 |      0 |   2 |  488.5 |
               +--------+--------+--------+--------+--------+-----+--------+

Top non-repeatable levels by time:
     D:1: 625 daAuts
     D:2: 351 daAuts
